[ AOE2 MATCH · #506473172 ]
UnrankedFranks vs Byzantines
Player's team · LOSS
Rival team · WIN
[ REPLAY ANALYSIS · EXTRACTED FROM THE RECORDED GAME ]
Feudal
8:35
Castle
21:04
Imperial
36:26
| APM avg | 61.9 |
| APM peak | 109 |
| eAPM avg | 30.8 |
| Villagers / military | 453 / 999 |
Focus
⚔️ 46.2% · 🌾 53.8%
Scout Cavalry ×543 · Throwing Axeman ×268 · Scorpion ×51 · Bombard Cannon ×49 · Archer ×31 · Knight ×19
Feudal
11:28
Castle
20:36
Imperial
35:02
| APM avg | 85.8 |
| APM peak | 160 |
| eAPM avg | 51.7 |
| Villagers / military | 384 / 825 |
Focus
⚔️ 63.4% · 🌾 36.6%
Scout Cavalry ×474 · Archer ×143 · Cataphract ×81 · Camel Scout ×66 · Skirmisher ×12 · Bombard Cannon ×12
Match map
Initial resources + every placement click. Lines = walls · curves = elevation contours. ◆ gold · ⬟ stone · ● berries · ✦ relic · ◌ wall gap
Your base· Open — 1t gap
F1Re's base· Open — 2t gap
Smoothed initial terrain · ◌ = detected wall gap · hover for details
Inputs per minute
— Zezlot - - F1Re
Build order — Zezlot
First 150 of 1245 actions detected
| 0:00 | Create | Villager (Male) |
| 0:01 | Build | House |
| 0:02 | Build | House |
| 0:05 | Create | Villager (Male) |
| 0:06 | Create | Villager (Male) |
| 0:07 | Create | Villager (Male) |
| 1:27 | Create | Villager (Male) |
| 1:27 | Create | Villager (Male) |
| 1:49 | Create | Villager (Male) |
| 2:07 | Build | Lumber Camp |
| 2:27 | Create | Villager (Male) |
| 2:49 | Create | Villager (Male) |
| 3:15 | Create | Villager (Male) |
| 3:15 | Create | Villager (Male) |
| 3:49 | Build | House |
| 4:05 | Create | Villager (Male) |
| 4:07 | Create | Villager (Male) |
| 4:07 | Create | Villager (Male) |
| 5:03 | Build | Barracks |
| 5:04 | Create | Villager (Male) |
| 5:04 | Create | Villager (Male) |
| 5:11 | Create | Villager (Male) |
| 5:16 | Research | Loom |
| 5:19 | Create | Villager (Male) |
| 5:23 | Create | Villager (Male) |
| 5:27 | Create | Villager (Male) |
| 5:54 | Create | Villager (Male) |
| 6:25 | Research | Feudal Age |
| 6:25 | Research | Feudal Age |
| 6:43 | Create | Militia |
| 6:43 | Create | Militia |
| 6:43 | Create | Militia |
| 7:07 | Build | House |
| 7:10 | Create | Militia |
| 7:11 | Create | Militia |
| 7:17 | Build | Mining Camp |
| 7:39 | Build | Mining Camp |
| 7:43 | Build | Mining Camp |
| 8:00 | Create | Villager (Male) |
| 8:23 | Build | Palisade Wall |
| 8:29 | Build | Palisade Wall |
| 8:32 | Create | Villager (Male) |
| 8:35 | Age | Feudal Age |
| 8:41 | Build | Stable |
| 8:43 | Create | Villager (Male) |
| 9:10 | Create | Spearman |
| 9:25 | Build | Palisade Wall |
| 9:30 | Create | Villager (Male) |
| 9:30 | Create | Villager (Male) |
| 9:34 | Create | Scout Cavalry |
| 10:04 | Create | Villager (Male) |
| 10:21 | Build | Barracks |
| 10:23 | Build | House |
| 10:31 | Create | Villager (Male) |
| 10:31 | Create | Villager (Male) |
| 10:36 | Create | Villager (Male) |
| 10:38 | Build | Stone Wall |
| 10:38 | Build | Stone Wall |
| 10:38 | Build | Stone Wall |
| 10:40 | Build | Mill |
| 10:49 | Build | Archery Range |
| 11:20 | Create | Villager (Male) |
| 11:45 | Create | Villager (Male) |
| 11:59 | Create | Archer |
| 12:05 | Build | Watch Tower |
| 12:11 | Create | Archer |
| 12:12 | Create | Skirmisher |
| 12:13 | Create | Skirmisher |
| 12:14 | Build | House |
| 12:15 | Build | House |
| 12:16 | Create | Villager (Male) |
| 12:16 | Create | Villager (Male) |
| 12:21 | Build | Farm |
| 12:23 | Build | Farm |
| 12:28 | Create | Archer |
| 12:29 | Create | Archer |
| 12:35 | Create | Archer |
| 12:45 | Build | Blacksmith |
| 12:47 | Create | Villager (Male) |
| 12:47 | Create | Villager (Male) |
| 12:48 | Create | Archer |
| 13:02 | Create | Archer |
| 13:04 | Create | Archer |
| 13:05 | Create | Villager (Male) |
| 13:09 | Create | Villager (Male) |
| 13:22 | Create | Archer |
| 13:25 | Create | Villager (Male) |
| 13:27 | Build | House |
| 13:27 | Build | House |
| 13:28 | Create | Villager (Male) |
| 13:28 | Create | Villager (Male) |
| 13:33 | Build | Farm |
| 13:49 | Create | Archer |
| 13:49 | Create | Villager (Male) |
| 13:52 | Research | Fletching |
| 13:53 | Research | Fletching |
| 14:03 | Create | Archer |
| 14:03 | Create | Villager (Male) |
| 14:32 | Create | Archer |
| 14:32 | Create | Villager (Male) |
| 14:34 | Create | Villager (Male) |
| 14:36 | Build | Farm |
| 14:36 | Build | Farm |
| 14:36 | Build | Farm |
| 14:36 | Build | Farm |
| 14:46 | Create | Villager (Male) |
| 14:51 | Build | House |
| 14:56 | Create | Archer |
| 15:00 | Create | Skirmisher |
| 15:01 | Create | Villager (Male) |
| 15:03 | Create | Villager (Male) |
| 15:07 | Create | Villager (Male) |
| 15:13 | Create | Skirmisher |
| 15:15 | Create | Villager (Male) |
| 15:22 | Build | House |
| 15:28 | Create | Skirmisher |
| 15:31 | Research | Padded Archer Armor |
| 15:31 | Research | Padded Archer Armor |
| 15:35 | Create | Archer |
| 15:36 | Create | Archer |
| 15:36 | Create | Villager (Male) |
| 15:42 | Build | Farm |
| 15:51 | Create | Skirmisher |
| 15:55 | Build | House |
| 15:57 | Create | Skirmisher |
| 15:57 | Create | Villager (Male) |
| 16:01 | Create | Skirmisher |
| 16:01 | Create | Skirmisher |
| 16:01 | Create | Villager (Male) |
| 16:16 | Create | Villager (Male) |
| 16:17 | Create | Villager (Male) |
| 16:48 | Create | Skirmisher |
| 16:59 | Create | Villager (Male) |
| 17:02 | Build | Farm |
| 17:03 | Build | Farm |
| 17:03 | Build | Farm |
| 17:03 | Build | Farm |
| 17:05 | Create | Villager (Male) |
| 17:05 | Create | Villager (Male) |
| 17:23 | Create | Villager (Male) |
| 17:24 | Create | Villager (Male) |
| 17:29 | Build | Farm |
| 17:51 | Create | Villager (Male) |
| 17:52 | Create | Skirmisher |
| 18:09 | Build | Mill |
| 18:24 | Research | Castle Age |
| 18:24 | Research | Castle Age |
| 18:30 | Create | Archer |
| 18:52 | Create | Villager (Male) |
| 18:56 | Create | Villager (Male) |
Build order — F1Re
First 150 of 1681 actions detected
| 0:00 | Create | Villager (Male) |
| 0:02 | Build | House |
| 0:04 | Build | House |
| 0:07 | Create | Villager (Male) |
| 0:17 | Create | Villager (Male) |
| 0:22 | Create | Villager (Male) |
| 0:22 | Create | Villager (Male) |
| 1:33 | Create | Villager (Male) |
| 1:34 | Create | Villager (Male) |
| 1:53 | Create | Villager (Male) |
| 2:21 | Build | Barracks |
| 2:24 | Create | Villager (Male) |
| 2:24 | Create | Villager (Male) |
| 2:24 | Create | Villager (Male) |
| 2:47 | Build | House |
| 2:50 | Create | Villager (Male) |
| 2:51 | Create | Villager (Male) |
| 3:15 | Create | Villager (Male) |
| 3:16 | Create | Villager (Male) |
| 3:16 | Create | Villager (Male) |
| 3:20 | Build | House |
| 3:37 | Create | Militia |
| 3:42 | Create | Villager (Male) |
| 3:42 | Create | Villager (Male) |
| 3:58 | Create | Militia |
| 4:08 | Create | Villager (Male) |
| 4:09 | Create | Villager (Male) |
| 4:22 | Create | Militia |
| 4:32 | Create | Villager (Male) |
| 4:32 | Create | Villager (Male) |
| 5:03 | Create | Villager (Male) |
| 5:03 | Create | Villager (Male) |
| 5:03 | Create | Villager (Male) |
| 5:26 | Create | Militia |
| 5:51 | Create | Villager (Male) |
| 5:52 | Create | Villager (Male) |
| 6:17 | Build | Lumber Camp |
| 6:20 | Create | Villager (Male) |
| 6:33 | Create | Villager (Male) |
| 6:56 | Create | Villager (Male) |
| 6:56 | Create | Villager (Male) |
| 7:18 | Build | Mill |
| 7:21 | Research | Loom |
| 7:21 | Research | Loom |
| 7:58 | Create | Villager (Male) |
| 8:07 | Create | Villager (Male) |
| 8:07 | Create | Villager (Male) |
| 8:10 | Build | House |
| 8:22 | Build | House |
| 8:48 | Build | Mining Camp |
| 9:18 | Research | Feudal Age |
| 9:18 | Research | Feudal Age |
| 10:34 | Build | Lumber Camp |
| 10:37 | Build | Farm |
| 10:43 | Build | Palisade Wall |
| 10:44 | Build | Palisade Wall |
| 10:45 | Build | Palisade Wall |
| 11:00 | Build | House |
| 11:14 | Create | Villager (Male) |
| 11:28 | Age | Feudal Age |
| 11:30 | Create | Spearman |
| 11:31 | Research | Double-Bit Axe |
| 11:39 | Build | Stable |
| 11:43 | Build | Archery Range |
| 11:51 | Create | Villager (Male) |
| 11:58 | Create | Villager (Male) |
| 12:19 | Create | Spearman |
| 12:21 | Research | Horse Collar |
| 12:22 | Research | Horse Collar |
| 12:22 | Create | Villager (Male) |
| 12:29 | Create | Archer |
| 12:29 | Create | Archer |
| 12:44 | Build | Outpost |
| 12:50 | Create | Villager (Male) |
| 12:56 | Build | Farm |
| 12:58 | Build | Farm |
| 12:58 | Create | Villager (Male) |
| 13:09 | Create | Villager (Male) |
| 13:26 | Build | Farm |
| 13:27 | Create | Archer |
| 13:51 | Create | Villager (Male) |
| 13:51 | Create | Villager (Male) |
| 13:53 | Build | Farm |
| 13:53 | Build | Farm |
| 14:06 | Build | Farm |
| 14:08 | Create | Villager (Male) |
| 14:09 | Build | Watch Tower |
| 14:39 | Build | Farm |
| 14:40 | Build | Farm |
| 14:50 | Create | Skirmisher |
| 14:56 | Build | House |
| 14:57 | Build | House |
| 15:00 | Create | Villager (Male) |
| 15:14 | Create | Skirmisher |
| 15:17 | Create | Villager (Male) |
| 15:35 | Build | Blacksmith |
| 15:41 | Create | Skirmisher |
| 16:06 | Research | Fletching |
| 16:07 | Research | Fletching |
| 16:07 | Research | Fletching |
| 16:07 | Create | Skirmisher |
| 16:10 | Build | Mill |
| 16:17 | Create | Villager (Male) |
| 16:18 | Build | Farm |
| 16:32 | Build | Farm |
| 16:33 | Create | Villager (Male) |
| 16:50 | Create | Villager (Male) |
| 17:00 | Create | Villager (Male) |
| 17:01 | Create | Villager (Male) |
| 17:01 | Create | Skirmisher |
| 17:10 | Build | Farm |
| 17:12 | Build | Farm |
| 17:22 | Build | Farm |
| 17:35 | Build | Lumber Camp |
| 17:56 | Research | Castle Age |
| 17:56 | Research | Castle Age |
| 17:57 | Research | Castle Age |
| 18:06 | Build | Stable |
| 18:29 | Research | Padded Archer Armor |
| 18:29 | Research | Padded Archer Armor |
| 18:29 | Research | Padded Archer Armor |
| 18:31 | Create | Skirmisher |
| 18:35 | Build | House |
| 18:59 | Create | Skirmisher |
| 19:02 | Research | Gold Mining |
| 19:03 | Research | Gold Mining |
| 19:06 | Build | House |
| 19:09 | Build | House |
| 19:21 | Create | Scout Cavalry |
| 19:23 | Create | Skirmisher |
| 19:49 | Create | Scout Cavalry |
| 19:54 | Research | Scale Barding Armor |
| 19:54 | Research | Scale Barding Armor |
| 19:54 | Research | Scale Barding Armor |
| 19:58 | Build | Farm |
| 20:36 | Age | Castle Age |
| 20:40 | Research | Bodkin Arrow |
| 20:40 | Research | Bodkin Arrow |
| 20:40 | Create | Villager (Male) |
| 20:45 | Build | Monastery |
| 20:52 | Build | Town Center |
| 20:55 | Create | Knight |
| 21:11 | Create | Knight |
| 21:15 | Create | Villager (Male) |
| 21:15 | Create | Villager (Male) |
| 21:18 | Research | Elite Skirmisher (upgrade) |
| 21:20 | Create | Villager (Male) |
| 21:30 | Create | Skirmisher |
| 21:33 | Create | Monk |
| 21:37 | Create | Villager (Male) |
Match timeline
| 2:21 | F1Re · first_building Barracks |
| 5:03 | Zezlot · first_building Barracks |
| 8:23 | Zezlot · wall_segment Palisade Wall x3 |
| 8:29 | Zezlot · wall_segment Palisade Wall x1 |
| 8:35 | Zezlot · age_up feudal |
| 8:41 | Zezlot · first_building Stable |
| 9:25 | Zezlot · wall_segment Palisade Wall x1 |
| 10:38 | Zezlot · wall_segment Stone Wall x1 |
| 10:38 | Zezlot · wall_segment Stone Wall x1 |
| 10:38 | Zezlot · wall_segment Stone Wall x1 |
| 10:43 | F1Re · wall_segment Palisade Wall x1 |
| 10:44 | F1Re · wall_segment Palisade Wall x1 |
| 10:45 | F1Re · wall_segment Palisade Wall x1 |
| 10:49 | Zezlot · first_building Archery Range |
| 11:28 | F1Re · age_up feudal |
| 11:39 | F1Re · first_building Stable |
| 11:43 | F1Re · first_building Archery Range |
| 20:36 | F1Re · age_up castle |
| 20:45 | F1Re · first_building Monastery |
| 21:04 | Zezlot · age_up castle |
| 24:28 | F1Re · first_market_buy 100 stone |
| 25:56 | Zezlot · first_building Monastery |
| 29:27 | Zezlot · first_building Castle |
| 30:52 | F1Re · first_market_sell 500 wood |
| 31:05 | Zezlot · first_market_sell 500 wood |
| 32:02 | Zezlot · first_market_buy 100 food |
| 32:33 | F1Re · wall_segment Palisade Wall x1 |
| 33:14 | F1Re · first_building Castle |
| 34:32 | Zezlot · first_building Siege Workshop |
| 35:02 | F1Re · age_up imperial |
| 36:26 | Zezlot · age_up imperial |
| 42:24 | F1Re · wall_segment Stone Wall x1 |
| 42:28 | F1Re · wall_segment Palisade Wall x2 |
| 42:39 | F1Re · wall_segment Palisade Wall x2 |
| 42:40 | F1Re · wall_segment Palisade Wall x1 |
| 42:46 | F1Re · wall_segment Stone Wall x1 |
| 43:58 | F1Re · first_building Siege Workshop |
| 75:40 | F1Re · wall_segment Stone Wall x1 |
| 75:41 | F1Re · wall_segment Stone Wall x1 |
| 75:42 | F1Re · wall_segment Stone Wall x1 |
| 75:42 | F1Re · wall_segment Stone Wall x1 |
| 75:54 | F1Re · wall_segment Stone Wall x1 |
| 75:55 | F1Re · wall_segment Stone Wall x1 |
| 79:30 | F1Re · wall_segment Palisade Wall x1 |
| 79:45 | F1Re · wall_segment Palisade Wall x1 |
| 92:25 | Zezlot · resign |
[ AI ANALYSIS · 1 CREDIT ]
What really happened in this match?
Wolo.gg analyzes every decision: build order, eco, micro, common mistakes by bracket. Personalized analysis on WhatsApp or Discord in 30 seconds.
Civ guide
Franks
Perfil
Jugador #14438285